 Dungeon Crawl Stone Soup version 0.31-a0-618-g7ca08c1ff9 (webtiles) character file.

Game seed: 8475121986073012605

1135 tatocazan the Shield-Bearer (level 8, -1/64 HPs)
             Began as a Formicid Fighter on Aug 23, 2023.
             Was an Initiate of Gozag.
             Slain by Edmund
             ... wielding a +0 heavy flail
              (14 damage)
             ... on level 5 of the Dungeon.
             The game lasted 00:10:49 (6631 turns).

tatocazan the Shield-Bearer (Formicid Fighter)      Turns: 6631, Time: 00:10:50

Health: -1/64      AC: 11    Str: 24    XL:     8   Next: 63%
Magic:  8/8        EV:  9    Int:  7    God:    Gozag
Gold:   507        SH:  5    Dex: 13    Spells: 7/7 levels left

rFire   . . .        a - +1 war axe
rCold   . . .        c - +0 buckler
rNeg    . . .        b - +0 scale mail
rPois   .            (helmet unavailable)
rElec   .            (no cloak)
rCorr   .            j - +0 pair of gloves
SInv    +            n - +1 pair of boots
Will    .....        (no amulet) Stlth
                     (no ring)
HPRegen 0.30/turn    (no ring)
MPRegen 0.11/turn

%: no passive effects
@: no status effects
A: permanent stasis, dig shafts and tunnels, antennae 3, four strong arms
a: Dig, Shaft Self, Renounce Religion, Potion Petition, Call Merchant, Bribe
Branch


You were on level 5 of the Dungeon.
You worshipped Gozag.
Gozag was pleased with you.
You visited 1 branch of the dungeon, and saw 5 of its levels.

You collected 552 gold pieces.
You paid 45 gold pieces to Gozag.

Inventory:

Hand Weapons
 a - a +1 war axe (weapon)
 d - a +2 whip of freezing
Armour
 b - a +0 scale mail (worn)
 c - a +0 buckler (worn)
 j - a +0 pair of gloves (worn)
 n - a +1 pair of boots (worn)
Wands
 l - a wand of flame (10)
Scrolls
 e - a scroll of teleportation
 g - a scroll of fear
 h - a scroll of acquirement {unknown}
 i - a scroll of fog
Potions
 f - a potion of lignification {unknown}
 m - a potion of haste
 o - 3 potions of berserk rage
 p - 6 potions of curing
 q - a potion of mutation {unknown}
 r - 4 potions of heal wounds
 s - a potion of enlightenment {unknown}
 t - 2 potions of attraction


   Skills:
 + Level 5.7 Fighting
 * Level 6.3 Axes
 + Level 5.7 Armour
 + Level 6.9 Shields


You had 7 spell levels left.
You didn't know any spells.
Your spell library contained the following spells:

 Spells                   Type           Power      Damage    Failure   Level
 Lesser Beckoning         Tloc           0%         N/A       88%         2
 Momentum Strike          Conj/Tloc      0%         3d8       88%         2
 Blink                    Tloc           Unusable   N/A       N/A         2

Dungeon Overview and Level Annotations

Branches:
Dungeon (5/15)             Temple (0/1) D:5

Altars:
Gozag

Annotations:
D:3 2 transporters, TelosKarma's ghost, weakling FeSu
D:5 Edmund


Innate Abilities, Weirdness & Mutations

You cannot be hasted, slowed, berserked, paralysed or teleported.
You can dig through walls and to a lower floor.
You have a pair of large antennae on your head. (SInv)
Your four strong arms can wield two-handed weapons with a shield.


Message History

Edmund is heavily wounded.
Edmund hits you with a +0 heavy flail!
You take 15 damage, and have 44/64 hp.
MASSIVE DAMAGE!!
You hit Edmund.
Edmund is heavily wounded.
You hit Edmund but do no damage.
Edmund is heavily wounded.
Edmund hits you with a +0 heavy flail.
You take 2 damage, and have 42/64 hp.
You barely miss Edmund.
Edmund is heavily wounded.
Edmund hits you with a +0 heavy flail!
You take 13 damage, and have 29/64 hp.
MASSIVE DAMAGE!!
You are too injured to fight recklessly!
You are too injured to fight recklessly!
You are too injured to fight recklessly!
You are too injured to fight recklessly!
You are too injured to fight recklessly!
You are too injured to fight recklessly!
You hit Edmund but do no damage.
Edmund is heavily wounded.
The orc hits you from afar with a +0 trident.
Edmund hits you with a +0 heavy flail! The orc hits you but does no damage.
You take 8 damage, and have 21/64 hp.
You hit Edmund but do no damage.
Edmund is heavily wounded.
The orc hits you but does no damage. Edmund hits you with a +0 heavy flail.
* * * LOW HITPOINT WARNING * * *
You take 3 damage, and have 18/64 hp.
You slash Edmund!
Edmund is severely wounded.
The orc hits you from afar with a +0 trident.
* * * LOW HITPOINT WARNING * * *
You take 5 damage, and have 13/64 hp.
You hit Edmund.
Edmund is almost dead.
Edmund hits you with a +0 heavy flail!
You die...
Edmund says, "That'll show my brother!"
Your body crumbles into a pile of gold.

..#..........................##.#
..#.##.##..................#.....
..........#######...########.##.#
#####....## #...# #.##.# ##..##
#...# #..... ############...#
#.##.# .......#...# #.##.#
..#...#.###.# #.##.. { .....o@@#
#.# #..... ..#...### #.# #####.
...... .>. #. ##### ## #. #. #.
##


You could see Edmund and an orc.

Vanquished Creatures
  Pikel (D:3)
  Menkaure (D:5)
  A phantom (D:4)
  A lemure (D:3)
  2 orc priests (D:5)
  2 iguanas
  2 sleepcaps (D:4)
  Natasha (thrice) (D:3)
  2 orc wizards (D:5)
  Robin (D:2)
  3 gnolls (D:3)
  8 adders
  An ufetubus (D:3)
  A worm (D:3)
  3 dart slugs
  10 orcs
  8 bats
  4 endoplasms
  2 giant cockroaches
  8 goblins
  8 hobgoblins
  2 jackals (D:3)
  5 quokkas
  12 ball pythons
  6 frilled lizards
  8 kobolds
  6 rats
111 creatures vanquished.

Notes
Turn   | Place    | Note
-------+----------+-------------------------------------------
     0 | D:1      | tatocazan the Formicid Fighter began the quest for the Orb.
     0 | D:1      | Reached XP level 1. HP: 18/18 MP: 1/1
    65 | D:1      | Found a faded altar of an unknown god.
    81 | D:1      | Reached XP level 2. HP: 12/24 MP: 2/2
   673 | D:1      | Reached XP level 3. HP: 29/29 MP: 3/3
  1274 | D:2      | Noticed Robin
  1287 | D:2      | HP: 1/30 [hobgoblin[Robin] (4)]
  1307 | D:3      | Reached XP level 4. HP: 14/37 MP: 4/4
  1515 | D:2      | Killed Robin
  1929 | D:2      | Found an opulent altar of Gozag.
  2193 | D:2      | Became a worshipper of Gozag Ym Sagoz the Greedy
  2285 | D:3      | Reached XP level 5. HP: 37/42 MP: 5/5
  2604 | D:3      | Found a transporter.
  2644 | D:3      | Noticed TelosKarma's ghost (weakling FeSu)
  2667 | D:3      | Found a transporter.
  2739 | D:3      | Noticed Natasha
  2745 | D:3      | Killed Natasha
  2746 | D:3      | Reached skill level 5 in Shields
  2805 | D:3      | Noticed Natasha
  2821 | D:3      | Killed Natasha
  2822 | D:3      | Reached XP level 6. HP: 38/48 MP: 6/6
  2824 | D:3      | Noticed Natasha
  2832 | D:3      | Killed Natasha
  3498 | D:4      | Reached XP level 7. HP: 33/55 MP: 7/7
  4240 | D:4      | Noticed Pikel
  4675 | D:3      | Killed Pikel
  4676 | D:3      | Reached skill level 5 in Fighting
  4676 | D:3      | Reached skill level 5 in Axes
  4676 | D:3      | Reached skill level 5 in Armour
  4676 | D:3      | Reached XP level 8. HP: 54/63 MP: 8/8
  5054 | D:4      | You fall into a shaft and drop 1 floor!
  5054 | D:5      | Entered Level 5 of the Dungeon
  5913 | D:5      | Noticed Menkaure
  5935 | D:5      | Killed Menkaure
  6249 | D:5      | Found a staircase to the Ecumenical Temple.
  6620 | D:5      | Noticed Edmund
  6631 | D:5      | Slain by Edmund

Illustrated notes

Levels and vault maps discovered:
D:1:      wander_arrival_desolate, layout_rooms,
          shapermc_ecumenical_altar_starsandcircs
D:2:      layout_loops_ring, basic_altar, serial_bayou_lake_a, uniq_robin
D:3:      layout_loops_ring, gammafunk_ghost_arena, minivault_4, st_stairs_11,
          minmay_cut_off, uniq_natasha
D:4:      layout_basic, uniq_pikel
D:5:      layout_loops_cross, lemuel_coloured_pillars_altar,
          minmay_temple_entry_ruins, uniq_edmund, uniq_menkaure, uniq_ijyb

Skill      XL: |  1  2  3  4  5  6  7  8 |
---------------+-------------------------+-----
Axes           | 3 4 5 6 |  6.3
Fighting       | 4 5 |  5.7
Armour         | 4 5 |  5.7
Shields        | 5 6 |  6.9

Action                     |  1- 3 |  4- 6 |  7- 9 || total
---------------------------+-------+-------+-------++-------
  Melee: War axe           |   114 |   165 |   125 ||   404
Ability: Dig               |     1 |       |     1 ||     2
         Shaft Self        |       |       |     1 ||     1
  Evoke: Wand              |       |       |     5 ||     5
    Use: Potion            |     2 |       |     1 ||     3
         Scroll            |       |       |    12 ||    12
   Stab: Distracted        |       |     1 |     1 ||     2
 Armour: Scale mail        |    47 |    69 |    54 ||   170
  Dodge: Dodged            |    57 |    68 |    54 ||   179
  Block: Buckler           |    33 |    43 |    25 ||   101

Table legend: (Time is in decaauts)
 A = Elapsed time spent in this place.
 B = Non-inter-level travel time spent in this place.
 C = Inter-level travel time spent in this place.
 D = Time resting spent in this place.
 E = Time spent auto-exploring this place.
 F = Levels seen in this place.
 G = Mean time per level.
                   A        B        C        D        E       F      G
               +--------+--------+--------+--------+--------+-----+--------+
         Total |   6833 |   6744 |     89 |   2952 |   2782 |   5 | 1366.6 |
       Dungeon |   6833 |   6744 |     89 |   2952 |   2782 |   5 | 1366.6 |
               +--------+--------+--------+--------+--------+-----+--------+

Top non-repeatable levels by time:
     D:3: 1818 daAuts
     D:5: 1590 daAuts
     D:4: 1322 daAuts
     D:2: 1147 daAuts
     D:1: 955 daAuts
